[Event "*** Titled Tuesday Blitz"]
[Site "Chess.com"]
[Date "2020.04.14"]
[Round "9"]
[White "Leo_C"]
[Black "manitodeplomo"]
[Result "0-1"]
[WhiteElo "2243"]
[BlackElo "2469"]
[TimeControl "180+1"]
[EndTime "11:41:30 PDT"]
[Termination "manitodeplomo won by checkmate"]

1. d4 c5 2. d5 g6 3. c4 Bg7 4. Nc3 f5 5. e4 Bxc3+ 6. bxc3 fxe4 7. f3 e5 8. Nh3 d6 9. Bg5 Qa5 10. fxe4 Bxh3 11. gxh3 Nd7 12. Qb3 Qc7 13. h4 h6 14.
Bd2 Ngf6 15. Qc2 O-O-O 16. Bh3 Kb8 17. O-O-O Rdf8 18. Rdf1 Nb6 19. Qd3 Qe7 20. Rf2 Nh5 21. Rxf8+ Rxf8 22. Bxh6 Nf4 23. Qf3 Rf7 24. Bg5 Qe8 25.
Rf1 Nxc4 26. Be6 Qb5 27. Rf2 Nd3+ 28. Qxd3 Rxf2 29. Be7 Qb2+ 30. Kd1 Qa1+ 31. Qb1 Qxb1# 0-1

[Event "*** Titled Tuesday Blitz"]
[Site "Chess.com"]
[Date "2020.04.14"]
[Round "9"]
[White "mattcolins2025"]
[Black "dsanchez1973"]
[Result "1-0"]
[WhiteElo "2309"]
[BlackElo "2090"]
[TimeControl "180+1"]
[EndTime "11:41:30 PDT"]
[Termination "mattcolins2025 won by resignation"]

1. d4 d5 2. c4 c6 3. Nc3 e6 4. Nf3 dxc4 5. a4 Bb4 6. e4 b5 7.
Bd2 Bb7 8. Ne5 a6 9. Qg4 Kf8 10.
Be3 Nf6 11. Qf3 Nbd7 12. Be2 Nxe5 13. dxe5 Nd7 14. Qg3 Qc7 15. f4 Bxc3+ 16. bxc3 c5 17. Qf3 Nb6 18. axb5 axb5 19. O-O Ke7 20. Qf2 Nd7 21.
Bf3 Rxa1 22. Rxa1 Ra8 23. Qh4+ Ke8 24. Rxa8+ Bxa8 25. Qxh7 b4 26. Bh5 Nf8 27. Qxg7 Bxe4 28. Bd1 bxc3 29. Ba4+ Bc6 30. Bxc5 Bxa4 31. Qxf8+ Kd7 32.
Qxf7+ Kc6 33. Qxc7+ Kxc7 34. Kf2 Kc6 35. Ba3 Kd5 36.
Ke3 Bc2 37. g3 Bf5 38. h4 c2 39. Bc1 c3 40. Kf3 Kc4 41. g4 Bd3 42. Ke3 Bh7 43.
h5 Kb3 44. Kd4 Ka2 45. Kxc3 Kb1 46. Kd2 Be4 47. h6 Ka2 48. f5 1-0

[Event "*** Titled Tuesday Blitz"]
[Site "Chess.com"]
[Date "2020.04.14"]
[Round "9"]
[White "Gandrade2"]
[Black "Teidi96"]
[Result "0-1"]
[WhiteElo "1974"]
[BlackElo "2171"]
[TimeControl "180+1"]
[EndTime "11:41:30 PDT"]
[Termination "Teidi96 won by resignation"]

1. d4 Nf6 2. c4 e6 3. Nc3 d5 4.
cxd5 exd5 5. Bg5 Be7 6. e3 O-O 7. Bd3 Nbd7 8. Qc2 Re8 9. Nge2 c6 10. O-O Nf8 11. Rab1 a5 12. f3 Ne6 13. Bh4 g6 14.
Bf2 Ng7 15. Ng3 h5 16. e4 dxe4 17. fxe4 Ng4 18. Rbe1 Nxf2 19. Qxf2 Rf8 20. e5 Be6 21.
Nge2 Bh4 22. Ng3 Bxg3 23. hxg3 Nf5 24. Ne4 Qxd4 25. Nf6+ Kg7 26. Qxd4 Nxd4 27. Ne4 Bxa2 28. Nd6 b6 29. Re4 c5 30. Ref4 Be6 31. Bxg6 fxg6 32. Rxf8 Rxf8 0-1

[Event "*** Titled Tuesday Blitz"]
[Site "Chess.com"]
[Date "2020.04.14"]
[Round "9"]
[White "Medvezhlo"]
[Black "TV27"]
[Result "1-0"]
[WhiteElo "2450"]
[BlackElo "2102"]
[TimeControl "180+1"]
[EndTime "11:41:33 PDT"]
[Termination "Medvezhlo won by resignation"]

1. d4 f5 2. e4 fxe4 3. Nc3 Nf6 4. f3 d5 5. Bg5 Nc6 6. Bxf6 exf6 7. fxe4 dxe4 8. d5 Ne5 9. Nxe4 Bd6 10. Nf3 O-O 11. Be2 Bf5 12. Ng3 Nxf3+ 13. Bxf3 Re8+ 14. Ne2 Re3 15. O-O Qe8 16. Nd4 Bd7 17. Re1 Bc5 18. c3 Bxd4 19.
cxd4 Rxe1+ 20. Qxe1 Qxe1+ 21. Rxe1 Re8 22. Rc1 Rc8 23.
Rc3 Kf7 24. d6 cxd6 25. Bxb7 Rxc3 26. bxc3 Ke6 27. Kf2 d5 28. Ke3 Bb5 29. Bc8+ Kd6 30. Bf5 g6 31. Bc2 a5 32. h4 Bc4 33. a3 Bf1 34. g4 Bh3 35. Kf4 Bf1 36. h5 gxh5 37.
gxh5 h6 38. Kf5 Ke7 39. Kg6 Ke6 40. Bf5+ Ke7 41. Kxh6 Be2 42. Kg6 a4 43. h6 Bf3 44.
h7 1-0

[Event "*** Titled Tuesday Blitz"]
[Site "Chess.com"]
[Date "2020.04.14"]
[Round "9"]
[White "norwaytoadog"]
[Black "j2806"]
[Result "1-0"]
[WhiteElo "2217"]
[BlackElo "2004"]
[TimeControl "180+1"]
[EndTime "11:41:33 PDT"]
[Termination "norwaytoadog won by resignation"]

1. e4 c5 2. Nf3 d6 3. Bb5+ Bd7 4.
Bxd7+ Qxd7 5. O-O Nc6 6. Qe2 Nf6 7.
c3 e6 8. d4 cxd4 9. cxd4 d5 10.
e5 Ne4 11. Be3 Be7 12. Ne1 O-O 13. f3 Ng5 14. h4 Ne4 15. fxe4 dxe4 16. Qg4 Nxd4 17.
Nc3 Nf5 18. Qxe4 Nxe3 19. Qxe3 Bxh4 20. Nf3 Be7 21. Rad1 Qc6 22. Ne4 Rfd8 23. Qf4 Rxd1 24. Rxd1 Qb6+ 25. Kh2 Qxb2 26. Rd7 Qb4 27. Qg4 Kf8 28.
Nfg5 h6 29. Nh7+ Ke8 30. Nef6+ gxf6 31. Nxf6+ Bxf6 32. Qxb4 Bxe5+ 33. Kh3 Kxd7 34. Qxb7+ 1-0

[Event "*** Titled Tuesday Blitz"]
[Site "Chess.com"]
[Date "2020.04.14"]
[Round "9"]
[White "Rakesh"]
[Black "Flawless_Fighter"]
[Result "1-0"]
[WhiteElo "2427"]
[BlackElo "2602"]
[TimeControl "180+1"]
[EndTime "11:41:34 PDT"]
[Termination "Rakesh won by resignation"]

1. e4 c6 2. c4 d5 3. cxd5 cxd5 4. exd5 Nf6 5. Qa4+ Nbd7 6. Nc3 g6 7. Bc4 Bg7 8.
d3 O-O 9. Nf3 a6 10. Qa3 Nb6 11. Qb3 Bg4 12. Ne5 Bf5 13. O-O Rc8 14. Re1 Ne8 15.
Be3 Nxc4 16. Nxc4 Bxd3 17. Nb6 Rb8 18. Rad1 Bf5 19. Bf4 Nd6 20. h3 Re8 21. g4 Bd7 22.
Ne4 Bb5 23. Nxd6 exd6 24. Rxe8+ Qxe8 25. Bxd6 Rd8 26. Bc7 Be5 27. Bxd8 Qxd8 28. Nc4 Bf4 29. Qf3 Bb8 30. b3 Qg5 31. d6 Bc6 32. d7 Bc7 33. Qe3 h5 34. Qxg5 1-0

[Event "*** Titled Tuesday Blitz"]
[Site "Chess.com"]
[Date "2020.04.14"]
[Round "9"]
[White "TengisChess"]
[Black "AshotParvanyan"]
[Result "1-0"]
[WhiteElo "2413"]
[BlackElo "2564"]
[TimeControl "180+1"]
[EndTime "11:41:34 PDT"]
[Termination "TengisChess won by resignation"]

1. Nf3 Nf6 2. g3 g6 3. Bg2 Bg7 4. O-O O-O 5. c4 d6 6. Nc3 Nc6 7. d3 e5 8. Bg5 h6 9. Bxf6 Bxf6 10.
Rb1 a5 11. a3 Be6 12. b4 axb4 13. axb4 Qd7 14. b5 Nd8 15. Nd5 Bg7 16. Nd2 Rc8 17. Qb3 Kh7 18. Ne4 f5 19. Nec3 f4 20.
Ne4 Bh3 21. b6 Bxg2 22. Kxg2 c6 23. Nc7 g5 24. Qa3 Nf7 25. f3 Rfd8 26. g4 d5 27. cxd5 cxd5 28. Nc5 Qe7 29. Qb4 Bf8 30. Rfc1 Rb8 31.
Qb2 Qf6 32. N7e6 Bxc5 33. Nxd8 Bd4 34. Qb5 Rxd8 35. Rc7 Rb8 36. Qxd5 Kg6 37. Rxb7 Rd8 38. Qe4+ Kg7 39. Rc7 Bxb6 40. Rc6 Rd6 41. Rbxb6 1-0

[Event "*** Titled Tuesday Blitz"]
[Site "Chess.com"]
[Date "2020.04.14"]
[Round "9"]
[White "DACF2905"]
[Black "talaicito"]
[Result "0-1"]
[WhiteElo "2147"]
[BlackElo "2284"]
[TimeControl "180+1"]
[EndTime "11:41:35 PDT"]
[Termination "talaicito won by resignation"]

1. d4 e6 2. c4 f5 3. Nf3 Nf6 4. g3 Be7 5. Bg2 O-O 6. b3 d6 7.
Bb2 a5 8. Nc3 Ne4 9. Nd2 Nxd2 10. Qxd2 e5 11. e3 Nc6 12. O-O f4 13. exf4 exf4 14.
Bd5+ Kh8 15. Rfe1 Bg5 16. Ne4 fxg3 17. Qxg5 gxf2+ 18. Kg2 fxe1=N+ 19. Rxe1 Qxg5+ 20. Nxg5 h6 21. Ne6 Bxe6 22. Bxe6 a4 23. d5 Ne7 24. b4 a3 25.
Bc3 Ng6 26. Kg3 Nf4 27. c5 dxc5 28. bxc5 Nd3 29. Rg1 Nxc5 30. Bb4 Nxe6 31. dxe6 Rf6 32. e7 Rg6+ 33. Kf2 Rxg1 34. Kxg1 b6 35. Bxa3 c5 36. Bb2 Re8 0-1

[Event "*** Titled Tuesday Blitz"]
[Site "Chess.com"]
[Date "2020.04.14"]
[Round "9"]
[White "Yeytruyol"]
[Black "Haridaskesavan"]
[Result "1-0"]
[WhiteElo "2397"]
[BlackElo "2220"]
[TimeControl "180+1"]
[EndTime "11:41:36 PDT"]
[Termination "Yeytruyol won by resignation"]

1. e4 e5 2. Nf3 Nc6 3. Bc4 Nf6 4.
O-O Nxe4 5. d4 d5 6. Bd3 exd4 7. Re1 Be7 8. c3 O-O 9. cxd4 Bg4 10. Nc3 Nxd4 11.
Bxe4 Bxf3 12. Bxf3 Nxf3+ 13. Qxf3 c6 14. Bf4 Bf6 15.
Rad1 Qb6 16. b3 Qb4 17. Ne2 Rfe8 18. Bd2 Qa3 19. Bc3 Bxc3 20. Nxc3 Rxe1+ 21. Rxe1 d4 22. Ne4 Qxa2 23. Nd6 Qd2 24. Qxf7+ Kh8 25. Rf1 d3 26. Qc4 Qe2 27. Nf7+ Kg8 28. Nh6+ 1-0

[Event "*** Titled Tuesday Blitz"]
[Site "Chess.com"]
[Date "2020.04.14"]
[Round "9"]
[White "MarcoRiehle"]
[Black "vladimirdamjanovic"]
[Result "0-1"]
[WhiteElo "2705"]
[BlackElo "2554"]
[TimeControl "180+1"]
[EndTime "11:41:37 PDT"]
[Termination "vladimirdamjanovic won by resignation"]

1. e4 c6 2. c4 d5 3. exd5 cxd5 4. cxd5 Nf6 5. Nc3 Nxd5 6. Nf3 Nc6 7. Bb5 e6 8. O-O Be7 9. d4 O-O 10. Re1 Nf6 11.
Bg5 Bd7 12. Rc1 a6 13. Bd3 h6 14. Bh4 Nh5 15. Bg3 Nxg3 16. hxg3 Bf6 17. Bb1 Ne7 18. Ne4 Nd5 19. Ne5 Qe7 20. Nxf6+ Nxf6 21. Rc7 Qd6 22. Rxb7 Rab8 23. Rxb8 Rxb8 24. b3 Bb5 25. Bd3 Rd8 26. Bxb5 axb5 27. Nf3 b4 28. Qd2 Nd5 29.
Rc1 Ra8 30. Rc4 Qa6 31. Qc2 g6 32. Ne5 Kg7 33. Nc6 Qxa2 34. Qxa2 Rxa2 35. Nxb4 Ra1+ 36. Kh2 Nf6 37. f3 Rb1 38. Rc3 h5 39. Nc6 Nd5 40. Rd3 g5 41. Ne5 f6 42. Nc6 Kg6 43. Nd8 Kf5 44. Nc6 g4 45. f4 Ke4 46.
Rd2 Ne3 47. Re2 Kd3 48. Rxe3+ Kxe3 49. Nd8 Kf2 50. Nxe6 Rg1 0-1

[Event "*** Titled Tuesday Blitz"]
[Site "Chess.com"]
[Date "2020.04.14"]
[Round "9"]
[White "grzechu96"]
[Black "kaumandur01"]
[Result "0-1"]
[WhiteElo "2613"]
[BlackElo "2808"]
[TimeControl "180+1"]
[EndTime "11:41:38 PDT"]
[Termination "kaumandur01 won by resignation"]

1. e4 c5 2. Nf3 d6 3. Bb5+ Nd7 4. O-O a6 5. Bd3 Ngf6 6. Re1 e6 7. c3 b5 8. Bc2 Bb7 9. d4 Be7 10. Qe2 O-O 11. Bg5 h6 12. Bh4 Re8 13. Nbd2 Nf8 14. e5 dxe5 15. dxe5 Nd5 16. Bxe7 Qxe7 17. Ne4 Red8 18.
Nd6 Bc6 19. Be4 f6 20. c4 bxc4 21. Nxc4 f5 22. Bc2 Ng6 23. Nd6 Ndf4 24. Qc4 Bxf3 25. Nxf5 Qg5 26. Ng3 Bd5 27. Qc3 Nxg2 28. Be4 Nxe1 29.
Bxd5 Rxd5 30. Rxe1 Qd2 0-1

[Event "*** Titled Tuesday Blitz"]
[Site "Chess.com"]
[Date "2020.04.14"]
[Round "9"]
[White "RovenVogel"]
[Black "JulAnt"]
[Result "1-0"]
[WhiteElo "2629"]
[BlackElo "2476"]
[TimeControl "180+1"]
[EndTime "11:41:38 PDT"]
[Termination "RovenVogel won by resignation"]

1. d4 Nf6 2. c4 d6 3. Nf3 Nbd7 4. Nc3 e5 5. g3 Be7 6. Bg2 O-O 7. O-O Re8 8. Qc2 c6 9. Rd1 Qc7 10. e4 a6 11. h3 Bf8 12. Be3 b5 13. Nd2 g6 14.
Rac1 Bb7 15. a3 Rac8 16. b4 Bg7 17. Qa2 Qb8 18. d5 cxd5 19. exd5 bxc4 20. Nxc4 Ba8 21. Na5 Nb6 22. Nc6 Bxc6 23. dxc6 Red8 24. a4 Rc7 25. a5 Nc8 26. Qc4 d5 27. Nxd5 Nxd5 28. Rxd5 Nd6 29. Qxa6 Qxb4 30. Qb6 1-0

[Event "*** Titled Tuesday Blitz"]
[Site "Chess.com"]
[Date "2020.04.14"]
[Round "9"]
[White "K_A_S_T_O_R"]
[Black "Gentlejimmy7"]
[Result "0-1"]
[WhiteElo "2809"]
[BlackElo "2661"]
[TimeControl "180+1"]
[EndTime "11:41:40 PDT"]
[Termination "Gentlejimmy7 won by resignation"]

1. e4 c5 2. Nf3 Nc6 3. d4 cxd4 4. Nxd4 Nf6 5. Nc3 e6 6. a3 Be7 7. g3 Qb6 8. Nb3 a6 9. Bg2 d6 10. O-O O-O 11. a4 Qc7 12. a5 Bd7 13. Be3 Rac8 14. f4 Nb4 15. Qe2 Qc4 16. Qd2 d5 17. e5 Ng4 18. Bb6 Bd8 19. Bxd8 Rfxd8 20. h3 Nxc2 21.
hxg4 Qxb3 22. Rac1 Nb4 23. Rfd1 Bc6 24. Ne2 Ba4 25. Nd4 Qxg3 26. Qxb4 Rxc1 27. Rxc1 Qe3+ 28. Kh2 Qxf4+ 29. Kh3 Qxc1 30. Qxa4 Qxb2 31. Kg3 Qc3+ 32.
Nf3 d4 33. Qd1 d3 34. Bf1 d2 35. Be2 Qc1 0-1

[Event "*** Titled Tuesday Blitz"]
[Site "Chess.com"]
[Date "2020.04.14"]
[Round "9"]
[White "giantslayer83"]
[Black "TastyTablet"]
[Result "0-1"]
[WhiteElo "2714"]
[BlackElo "2606"]
[TimeControl "180+1"]
[EndTime "11:41:40 PDT"]
[Termination "TastyTablet won by resignation"]

1. d4 d5 2. c4 e6 3. Nc3 Nf6 4. Nf3 c6 5. Bg5 Nbd7 6. e3 h6 7. Bh4 g5 8. Bg3 Nh5 9. Be2 Nxg3 10. hxg3 Bg7 11. Qc2 g4 12. Nd2 h5 13. O-O-O a6 14.
Nb3 b5 15. cxd5 cxd5 16. e4 Nf6 17. exd5 Nxd5 18. Kb1 Bb7 19. Nc5 Bc6 20. Nxd5 Bxd5 21. f3 Rc8 22. fxg4 hxg4 23. Rxh8+ Bxh8 24. Bxg4 Bxd4 25.
b4 Bh8 26. Bxe6 Qf6 27. Bd7+ Kf8 28. Qd2 Be4+ 0-1

[Event "*** Titled Tuesday Blitz"]
[Site "Chess.com"]
[Date "2020.04.14"]
[Round "9"]
[White "BelaKis"]
[Black "kreonx"]
[Result "0-1"]
[WhiteElo "2085"]
[BlackElo "2236"]
[TimeControl "180+1"]
[EndTime "11:41:43 PDT"]
[Termination "kreonx won by resignation"]

1. Nf3 g6 2. g3 Bg7 3. Bg2 d5 4. O-O e5 5. d3 Nc6 6. Nbd2 Nge7 7. a3 h6 8. c4 Be6 9. Qa4 O-O 10. cxd5 Nxd5 11.
Ne4 Nb6 12. Qc2 Nd4 13. Nxd4 exd4 14. Nc5 Bd5 15. Nxb7 Qd7 16. Na5 Bxg2 17. Kxg2 Qd5+ 18. Kg1 Qxa5 19. Bd2 Qe5 20. Bf4 Qe7 21. Rfe1 Nd5 22.
Bd2 c5 23. Rac1 Rfc8 24. b4 cxb4 25. Qxc8+ Rxc8 26. Rxc8+ Kh7 27. axb4 Nxb4 28. Rec1 Nd5 29.
Kf1 Qb7 30. Kg1 h5 31. h4 Bh6 32. Bxh6 Kxh6 33. R1c4 a5 34. R8c5 Nc3 35. Rxa5 Qb1+ 36. Kg2 Nxe2 37. Kf3 Qxd3+ 0-1

[Event "*** Titled Tuesday Blitz"]
[Site "Chess.com"]
[Date "2020.04.14"]
[Round "9"]
[White "figo13"]
[Black "beto-betun"]
[Result "1-0"]
[WhiteElo "2335"]
[BlackElo "2116"]
[TimeControl "180+1"]
[EndTime "11:41:44 PDT"]
[Termination "figo13 won by resignation"]

1. d4 Nf6 2. c4 g6 3. Nc3 Bg7 4. Nf3 d6 5. Bg5 O-O 6. e3 Nbd7 7. Qc2 h6 8. Bh4 c5 9. Be2 a6 10. O-O b6 11. h3 Bb7 12. d5 Bc8 13. e4 Nh5 14.
Nd2 Nf4 15. Rae1 g5 16. Bg3 Ng6 17. Bg4 Nde5 18. Bxc8 Rxc8 19. a4 Qd7 20. Re3 Nf4 21. b3 Neg6 22. Nf3 f5 23. Bxf4 gxf4 24. Re2 fxe4 25.
Qxe4 Ne5 26. Nxe5 Bxe5 27. Qg6+ Bg7 28. Re6 Rf6 29. Rxf6 exf6 30. Re1 Qf7 31. Qxf7+ Kxf7 32. Re6 Rd8 33. Ne4 Re8 34. Nxd6+ 1-0

[Event "*** Titled Tuesday Blitz"]
[Site "Chess.com"]
[Date "2020.04.14"]
[Round "9"]
[White "PawnEatingZombie"]
[Black "Andrii_Prydun"]
[Result "0-1"]
[WhiteElo "2143"]
[BlackElo "2349"]
[TimeControl "180+1"]
[EndTime "11:41:47 PDT"]
[Termination "Andrii_Prydun won on time"]

1. d4 d5 2. c4 c6 3. Nc3 Nf6 4. e3 e6 5. Nf3 Nbd7 6. Qc2 Be7 7. Bd3 O-O 8. O-O dxc4 9. Bxc4 b5 10. Be2 a6 11. e4 c5 12. e5 Ng4 13. Qe4 cxd4 14.
Nxd4 Ndxe5 15. Qxa8 Qxd4 16. Bxg4 Nxg4 17. Qe4 Qxe4 18.
Nxe4 Bb7 19. f3 Bxe4 20. fxg4 Bc5+ 21. Kh1 Rd8 22. Be3 Bxe3 23. Rfe1 Bxg2+ 24. Kxg2 Rd2+ 25. Kf3 Bc5 26. Rac1 Bf8 27. Rc8 g6 28. h4 Kg7 29.
g5 Rxb2 30. a4 bxa4 31. Rc7 Rb3+ 32. Kg2 a3 33. Rf1 Rb2+ 34. Kh3 Rb3+ 35. Kg2 Rg3+ 36. Kh1 Rh3+ 37. Kg2 Rg3+ 38. Kh2 Bd6 39. Rcxf7+ Kg8 40. Kh1 a2 0-1

[Event "*** Titled Tuesday Blitz"]
[Site "Chess.com"]
[Date "2020.04.14"]
[Round "9"]
[White "Boudicca64"]
[Black "konradrutkowski"]
[Result "0-1"]
[WhiteElo "1965"]
[BlackElo "2163"]
[TimeControl "180+1"]
[EndTime "11:41:47 PDT"]
[Termination "konradrutkowski won on time"]

1. e4 c6 2. d4 d5 3. e5 c5 4. dxc5 e6 5. Be3 Nd7 6. Bb5 Ne7 7. Nf3 Qc7 8. O-O Nf5 9. b4 Nxe3 10.
fxe3 Be7 11. Nc3 O-O 12. Bxd7 Bxd7 13. e4 d4 14. Qxd4 b6 15. cxb6 axb6 16. a3 Rfd8 17. Qe3 Rdc8 18. Ne2 Qxc2 19. Nfd4 Qa4 20. Qf4 Be8 21.
b5 Bc5 22. Rad1 Rd8 23. Kh1 Bxd4 24. Nxd4 Rxd4 25. Rxd4 Qxd4 26. Qg5 Rxa3 27. Qe7 Ra8 28. Qb7 Ra1 0-1

[Event "*** Titled Tuesday Blitz"]
[Site "Chess.com"]
[Date "2020.04.14"]
[Round "9"]
[White "zmeeed67"]
[Black "Trankuilizer"]
[Result "0-1"]
[WhiteElo "2383"]
[BlackElo "2612"]
[TimeControl "180+1"]
[EndTime "11:41:48 PDT"]
[Termination "Trankuilizer won by resignation"]

1. d4 d5 2. c4 e6 3. Nc3 Nf6 4. cxd5 exd5 5. Bg5 Be7 6. e3 c6 7. Bd3 Nbd7 8. Nge2 O-O 9. Qc2 Re8 10. O-O-O Nf8 11.
Kb1 b5 12. Ng3 a5 13. Nce2 Bd7 14. Nf5 a4 15. Nxe7+ Qxe7 16. Ng3 h6 17. Bf4 b4 18. Qc5 Qxc5 19. dxc5 Ne6 20. Bd6 g6 21. h3 Bc8 22.
Rc1 Ba6 23. Bc2 Bc4 24. b3 axb3 25. axb3 Bb5 26. Kb2 Nd7 27. Bb1 Ra3 28. Rhd1 Rea8 29.
e4 d4 30. f4 d3 31. f5 Nd4 0-1

[Event "*** Titled Tuesday Blitz"]
[Site "Chess.com"]
[Date "2020.04.14"]
[Round "9"]
[White "AlexOstrovskiy"]
[Black "Etoilegeniale"]
[Result "1-0"]
[WhiteElo "2657"]
[BlackElo "2523"]
[TimeControl "180+1"]
[EndTime "11:41:49 PDT"]
[Termination "AlexOstrovskiy won by resignation"]

1. d4 d5 2. Bf4 Nf6 3. e3 c5 4. c3 Nc6 5. Nd2 Qb6 6. Qb3 Bf5 7. dxc5 Qxb3 8. axb3 e5 9. Bg3 Bxc5 10. Ngf3 e4 11. Nd4 Nxd4 12. exd4 Bb6 13. b4 O-O 14. Be2 Bg4 15.
Nb3 Bxe2 16. Kxe2 Nh5 17. Nc5 f5 18. Be5 Rf7 19. f4 exf3+ 20. Kxf3 Nf6 21. Bxf6 Rxf6 22.
Nxb7 Re8 23. Rhe1 Re4 24. Nc5 Rh4 25. Nd7 Rg6 26. Re8+ Kf7 27. Rae1 Rd6 28. R1e7+ Kg6 29. Ne5+ Kf6 30. Rf7+ Kg5 31. Rxg7+ Kh6 32. Ree7 1-0

[Event "*** Titled Tuesday Blitz"]
[Site "Chess.com"]
[Date "2020.04.14"]
[Round "9"]
[White "GameOverBro"]
[Black "GMJustin"]
[Result "1-0"]
[WhiteElo "2560"]
[BlackElo "2284"]
[TimeControl "180+1"]
[EndTime "11:41:49 PDT"]
[Termination "GameOverBro won on time"]

1. e4 e5 2. Nf3 Nc6 3. Bb5 Nge7 4. O-O g6 5. d4 exd4 6. Nxd4 Bg7 7. Be3 O-O 8. Nc3 d5 9. exd5 Nxd5 10. Nxc6 bxc6 11. Bxc6 Nxe3 12. fxe3 Rb8 13. Qxd8 Rxd8 14. Bd5 Rxb2 15. Bxf7+ Kh8 16. Na4 Rb4 17. Rad1 Rxd1 18. Rxd1 Bf6 19. Bb3 Kg7 20. Nc5 Rb5 21. Ne4 Be5 22. Rd8 Bf5 23. Ng5 h6 24. Rg8+ Kf6 25. Nh7+ Ke7 26. Nf8 Bc3 27.
Nxg6+ Bxg6 28. Rxg6 a5 29. Rxh6 Re5 30. Kf2 1-0

[Event "*** Titled Tuesday Blitz"]
[Site "Chess.com"]
[Date "2020.04.14"]
[Round "9"]
[White "Pavlov_Sergey"]
[Black "mortngabriel"]
[Result "1-0"]
[WhiteElo "2617"]
[BlackElo "2404"]
[TimeControl "180+1"]
[EndTime "11:41:51 PDT"]
[Termination "Pavlov_Sergey won on time"]

1. c4 c5 2. Nf3 Nc6 3. d4 cxd4 4. Nxd4 g6 5. e4 Bg7 6. Be3 Nf6 7. Nc3 d6 8. Be2 O-O 9. O-O Bd7 10. Qd2 Nxd4 11. Bxd4 Bc6 12. f3 a5 13. b3 Nd7 14. Bf2 Nc5 15.
Rab1 e6 16. Rbd1 Be5 17. Nb5 Bxb5 18. cxb5 f5 19. exf5 Rxf5 20. Bc4 Qf6 21. Bxc5 dxc5 22. Qd7 Bd4+ 23. Rxd4 Qxd4+ 24. Qxd4 cxd4 25. Bxe6+ Kg7 26. Bxf5 gxf5 27. Rc1 Rd8 28. Kf2 d3 29. Ke3 d2 30.
Rd1 Rd5 31. a4 Kf6 32. Rxd2 Re5+ 33. Kd3 b6 34. Rc2 Rd5+ 35. Ke3 Ke5 36. Rc6 f4+ 37. Ke2 1-0

[Event "*** Titled Tuesday Blitz"]
[Site "Chess.com"]
[Date "2020.04.14"]
[Round "9"]
[White "ferdipy"]
[Black "Zajdanek"]
[Result "0-1"]
[WhiteElo "2190"]
[BlackElo "2344"]
[TimeControl "180+1"]
[EndTime "11:41:51 PDT"]
[Termination "Zajdanek won by resignation"]

1. e4 d5 2. exd5 Nf6 3. d4 Nxd5 4. c4 Nb6 5. Nc3 e5 6. dxe5 Qxd1+ 7. Nxd1 Nc6 8. f4 Be6 9. b3 Bb4+ 10. Bd2 O-O-O 11. Bxb4 Nxb4 12. Ne3 f6 13. Nf3 Rhe8 14. Kf2 fxe5 15.
fxe5 Nd7 16. Be2 Rf8 17. Kg3 Nc6 18. Rad1 Ndxe5 19. Nxe5 Nxe5 20. Rxd8+ Kxd8 21. Rd1+ Kc8 22. h3 a5 23. Nd5 c6 24. Nc3 Kc7 25. Bf3 Nxf3 26.
gxf3 Rd8 27. Re1 Kd7 28. Ne4 Bf5 29. Nc5+ Kc7 30. Re7+ Kb6 31. Nxb7 Rd2 32. Nxa5 Kxa5 33.
Re5+ Kb4 34. Rxf5 Rxa2 35. Rf7 Ra1 36. Rb7+ Kc3 37. Kf4 c5 38. b4 cxb4 39. c5 b3 40. c6 Ra4+ 41. Ke3 Rc4 42. c7 b2 43. Ke2 Kc2 44.
Ke3 b1=Q 45. Rxb1 Kxb1 46. c8=Q Rxc8 0-1

[Event "*** Titled Tuesday Blitz"]
[Site "Chess.com"]
[Date "2020.04.14"]
[Round "9"]
[White "adriangschnitzer"]
[Black "Ziachess74"]
[Result "1-0"]
[WhiteElo "2380"]
[BlackElo "2505"]
[TimeControl "180+1"]
[EndTime "11:41:52 PDT"]
[Termination "adriangschnitzer won by resignation"]

1. e4 c5 2. Nf3 d6 3. d4 cxd4 4.
Nxd4 Nf6 5. Nc3 Nc6 6. Bg5 e6 7. Qd2 a6 8. O-O-O Bd7 9. f4 h6 10. Bh4 b5 11. Bxf6 gxf6 12. Kb1 h5 13. f5 Qb6 14.
Nxc6 Bxc6 15. Ne2 Bxe4 16. fxe6 fxe6 17. Qf4 f5 18. Ng3 Qc6 19. Be2 Qxc2+ 20. Ka1 Bg7 21. Rb1 Be5 22. Qg5 Bxg3 23. Bxh5+ Kd7 24. Qg7+ Kc6 25.
Rbc1 Be5 26. Rxc2+ Bxc2 27. Bf3+ Kb6 28. Qb7+ Ka5 29.
Qc7+ Kb4 30. Qxc2 Rac8 31. Qd2+ Ka4 32. Bd1+ 1-0

[Event "*** Titled Tuesday Blitz"]
[Site "Chess.com"]
[Date "2020.04.14"]
[Round "9"]
[White "Igor_Lysyj"]
[Black "Ar4uha"]
[Result "1-0"]
[WhiteElo "2825"]
[BlackElo "2667"]
[TimeControl "180+1"]
[EndTime "11:41:53 PDT"]
[Termination "Igor_Lysyj won by checkmate"]

1. d4 Nf6 2. Nf3 e6 3. c4 b6 4. g3 Ba6 5. Qc2 d5 6. cxd5 exd5 7. Nc3 Bd6 8. Bg5 Bb7 9. Bg2 O-O 10. O-O Nbd7 11.
Nb5 h6 12. Nxd6 cxd6 13. Bxf6 Nxf6 14. Nd2 Qd7 15. Rfc1 Rac8 16. Qb3 Rxc1+ 17. Rxc1 Rc8 18. Rxc8+ Qxc8 19. Qd1 Qc6 20. Nb1 Qc4 21. a3 Ba6 22. e3 Ne4 23. Bf1 Qc8 24. Bxa6 Qxa6 25. f3 Nf6 26. Nc3 Qc4 27. Kf2 a6 28. Qc2 b5 29.
b3 Qc8 30. Qd3 h5 31. Kg2 g6 32. h3 Kg7 33. g4 hxg4 34. hxg4 Qe6 35. Ne2 Qc8 36.
Qc3 Qb7 37. Nf4 g5 38. Ne2 Nd7 39. Ng3 Kf6 40. Qc2 Ke7 41. Qf5 Qc6 42. Qxg5+ Ke8 43. Nf5 Qc2+ 44. Kg3 Qc1 45. Qe7# 1-0

[Event "*** Titled Tuesday Blitz"]
[Site "Chess.com"]
[Date "2020.04.14"]
[Round "9"]
[White "pedromartinez91"]
[Black "Lucas_Tomiello"]
[Result "0-1"]
[WhiteElo "2495"]
[BlackElo "2371"]
[TimeControl "180+1"]
[EndTime "11:41:54 PDT"]
[Termination "Lucas_Tomiello won on time"]

1. Nf3 Nf6 2. g3 g6 3. Bg2 Bg7 4. O-O O-O 5. c4 d6 6. Nc3 e5 7. d3 Nc6 8. Rb1 a5 9. a3 Be6 10. b4 axb4 11. axb4 Qd7 12. Bg5 h6 13. Bxf6 Bxf6 14.
Nd2 Bg7 15. b5 Nd8 16. Nd5 f5 17. b6 c6 18. Nc7 Ra2 19. Nb3 Bf7 20. Ra1 Rxa1 21.
Qxa1 Ne6 22. Qa7 Qc8 23. Nxe6 Bxe6 24. Na5 Rf7 25. Rb1 d5 26. cxd5 cxd5 27. h4 e4 28. dxe4 fxe4 29. h5 Qc2 30. Rf1 gxh5 31. Nxb7 Kh7 0-1

[Event "*** Titled Tuesday Blitz"]
[Site "Chess.com"]
[Date "2020.04.14"]
[Round "9"]
[White "FILI86"]
[Black "atalz0"]
[Result "1-0"]
[WhiteElo "2586"]
[BlackElo "2403"]
[TimeControl "180+1"]
[EndTime "11:41:55 PDT"]
[Termination "FILI86 won on time"]

1. d4 d5 2. c4 e6 3. Nf3 a6 4. cxd5 exd5 5. Nc3 h6 6. Bf4 Nf6 7. e3 Bd6 8. Ne5 O-O 9. Bd3 Re8 10. Qc2 Nbd7 11. Nxd7 Qxd7 12. Bg3 c6 13. O-O-O b5 14. Kb1 a5 15. Rc1 a4 16. Bxd6 Qxd6 17. h3 Bd7 18. Ne2 b4 19. Qc5 Qxc5 20. Rxc5 Kf8 21. Rhc1 Ke7 22.
Ng1 Ne4 23. Bxe4 dxe4 24. Ne2 f5 25. Nf4 g5 26. Ng6+ Kf6 27. Ne5 Re7 28. Nxd7+ Rxd7 29. Rxc6+ Kg7 30. Rb6 a3 31. b3 Raa7 32. Rxb4 Rac7 33. Rxc7 Rxc7 34. Rc4 Rf7 35. b4 f4 36. Kc2 fxe3 37.
fxe3 Rf2+ 38. Kb3 Rxg2 39. b5 Rg3 40. Rc3 Rxh3 41. b6 Rh1 42. Kxa3 1-0

[Event "*** Titled Tuesday Blitz"]
[Site "Chess.com"]
[Date "2020.04.14"]
[Round "9"]
[White "DrBergerBerger"]
[Black "Mischuk_D"]
[Result "0-1"]
[WhiteElo "2527"]
[BlackElo "2711"]
[TimeControl "180+1"]
[EndTime "11:41:56 PDT"]
[Termination "Mischuk_D won by resignation"]

1. e4 c5 2. Nc3 Nc6 3. Nge2 g6 4. d4 cxd4 5. Nxd4 Bg7 6. Nde2 h5 7. h4 Nf6 8. Bg5 Qa5 9. Qd2 d6 10. f3 Be6 11.
Nf4 Bd7 12. Nfd5 Nxd5 13. Nxd5 Qxd2+ 14. Kxd2 Rc8 15. c3 Be6 16. Bb5 f6 17. Be3 a6 18.
Ba4 Kf7 19. Nf4 Na5 20. Nxe6 Kxe6 21. Bb3+ Nxb3+ 22. axb3 f5 23. exf5+ gxf5 24. Rhe1 Kf7 25. Ra5 e6 26. Kc2 Bf6 27. Bf2 f4 28. Re4 e5 29.
Rd5 Ke6 30. Rd2 Rhg8 31. Be1 Rg7 32. c4 Rcg8 33. Ree2 Be7 34. b4 Kf5 35. Kb3 b5 36. cxb5 axb5 37. Rd5 Rxg2 38. Rxg2 Rxg2 39. Rxb5 Re2 40.
Bc3 Rf2 41. Rd5 Ke6 42. Rd3 Bxh4 43. b5 Bd8 44. Ka4 h4 45. Bb4 d5 46. Rc3 h3 47.
Rc6+ Kf5 48. Rh6 h2 49. Ba5 Bxa5 50. Kxa5 Rxb2 51. b6 e4 52. Rh5+ Kg6 53. Rxd5 0-1